[Event "Titled Tuesday Blitz March 21 Late 2023"]
[White "The_Sherman_Variation"]
[Black "Rustemov, Alexander"]
[BlackFideId "4119002"]
[WhiteElo "2567"]
[BlackElo "2863"]
[Result "0-1"]
[Round "08"]
[TimeControl "180+2"]
[Date "2023.03.21"]
[WhiteClock "0:00:17"]
[BlackClock "0:00:28"]

1. b3 d5 2. Bb2 Nf6 3. e3 Bf5 4. Be2 e6 5. Nf3 h6 6. O-O Be7 7. d4 O-O 8. c4 c6 9. Nbd2 Nbd7 10. Ne5 Nxe5 11. dxe5 Nd7 12. f4 Nc5 13. Nf3 a5 14. Rc1 Ne4 15. Nd4 Bg6 16. cxd5 exd5 17. f5 Bh7 18. Bd3 Bg5 19. Rf3 Re8 20. Ne2 Qb6 21. Bd4 c5 22. Bb2 Rad8 23. Qe1 a4 24. h4 Be7 25. f6 Bf8 26. Bxe4 Bxe4 27. Rg3 g6 28. Qd1 axb3 29. axb3 Kh7 30. Nf4 c4 31. Bd4 Qxb3 32. Qg4 Bf5 33. Qf3 b5 34. h5 Be4 35. Qg4 g5 36. Nh3 Qa3 37. Rf1 Qa6 38. Rf4 Qe6 39. Nxg5+ hxg5 40. Qxg5 Bh6 41. Qh4 Rg8 42. Rxe4 dxe4 43. Qxe4+ Kh8 44. Rf3 Rg4 45. Qb1 Rdg8 46. Rf2 Qd5 47. Qf1 b4 0-1


[Site "https://www.chess.com"]

[Event "Titled Tuesday Blitz March 21 Late 2023"]
[White "Moussard, Jules"]
[Black "Mazurkiewicz, Michal"]
[WhiteFideId "642908"]
[BlackFideId "1124943"]
[WhiteElo "2610"]
[BlackElo "2054"]
[Result "1-0"]
[Round "08"]
[TimeControl "180+2"]
[Date "2023.03.21"]
[WhiteClock "0:02:16"]
[BlackClock "0:00:01"]

1. f4 g6 2. Nf3 Bg7 3. g3 c5 4. Bg2 Nc6 5. O-O d5 6. c3 Bg4 7. d3 e6 8. e4 Nge7 9. h3 Bxf3 10. Qxf3 O-O 11. Be3 d4 12. Bf2 dxc3 13. bxc3 b6 14. Kh2 Qc7 15. e5 Rad8 16. Nd2 Nd5 17. Ne4 Nce7 18. Rad1 f5 19. exf6 Nxf6 20. Ng5 Rd6 21. Rfe1 Qd7 22. d4 cxd4 23. Rxd4 Nfd5 24. Nxe6 Bxd4 25. Nxf8 Bxf2 26. Nxd7 Bxe1 27. Ne5 Bxc3 28. h4 Nf5 29. h5 Nde3 30. Qa8+ Kg7 31. Qxa7+ Kh6 32. Nf7+ Kxh5 33. Nxd6 Ng4+ 34. Kg1 Bd4+ 35. Kf1 Nfe3+ 36. Ke2 1-0


[Site "https://www.chess.com"]

[Event "Titled Tuesday Blitz March 21 Late 2023"]
[White "Jovic, Stanoje"]
[Black "Ashraf, Artin"]
[WhiteFideId "905020"]
[BlackFideId "22514805"]
[WhiteElo "2236"]
[BlackElo "2188"]
[Result "0-1"]
[Round "08"]
[TimeControl "180+2"]
[Date "2023.03.21"]
[WhiteClock "0:00:09"]
[BlackClock "0:00:11"]

1. c4 c5 2. g3 g6 3. Bg2 Bg7 4. Nc3 Nc6 5. Nf3 d6 6. O-O e6 7. e3 Nge7 8. d4 cxd4 9. exd4 d5 10. cxd5 exd5 11. Bg5 O-O 12. Qd2 Be6 13. Rfe1 Qd7 14. Ne5 Qd6 15. h4 Nf5 16. Nxc6 Qxc6 17. Ne2 Rac8 18. Rac1 Qa6 19. a3 h6 20. Bf4 Qb6 21. Be5 Nd6 22. Bxd6 Qxd6 23. Nf4 Rcd8 24. b4 h5 25. Qd3 Bf5 26. Qb5 Bxd4 27. Red1 Qe5 28. Qxb7 Rd7 29. Qa6 Re8 30. Bf3 Bb2 31. Re1 Qxe1+ 32. Rxe1 Rxe1+ 33. Kg2 d4 34. Qf6 Ba1 35. Nxh5 d3 36. Qg5 d2 37. Nf6+ Bxf6 38. Qxf6 Be4 39. Bxe4 d1=Q 40. Bxg6 fxg6 41. Qxg6+ Rg7 42. Qc6 Rg1+ 43. Kh2 Rh1+ 44. Qxh1 Qxh1+ 45. Kxh1 Rc7 46. Kg2 Rc3 47. f4 Rxa3 48. Kh3 Rb3 49. Kg4 Rxb4 50. h5 a5 51. Kf5 a4 52. g4 a3 53. g5 a2 54. Kg6 a1=Q 55. f5 Qb1 56. h6 Rb6+ 57. Kh5 Qxf5 58. h7+ Kxh7 0-1


[Site "https://www.chess.com"]

[Event "Titled Tuesday Blitz March 21 Late 2023"]
[White "Pniaczek, Marek"]
[Black "Van Foreest, Lucas"]
[WhiteFideId "21800421"]
[BlackFideId "1039792"]
[WhiteElo "2138"]
[BlackElo "2519"]
[Result "0-1"]
[Round "08"]
[TimeControl "180+2"]
[Date "2023.03.21"]
[WhiteClock "0:00:57"]
[BlackClock "0:02:52"]

1. e4 b5 2. Bxb5 Bb7 3. Nc3 f5 4. exf5 Bxg2 5. Qh5+ g6 6. fxg6 Bg7 7. gxh7+ Kf8 8. hxg8=Q+ Kxg8 9. Qg4 Bxh1 10. Nf3 e6 11. Be2 Nc6 12. d3 Bxf3 13. Bxf3 Nd4 14. Bg5 Qxg5 0-1


[Site "https://www.chess.com"]

[Event "Titled Tuesday Blitz March 21 Late 2023"]
[White "Bolanos, Fernando"]
[Black "Timofeev, Artyom"]
[WhiteFideId "3304094"]
[BlackFideId "4140419"]
[WhiteElo "2166"]
[BlackElo "2586"]
[Result "0-1"]
[Round "08"]
[TimeControl "180+2"]
[Date "2023.03.21"]
[WhiteClock "0:00:02"]
[BlackClock "0:00:28"]

1. e4 e5 2. Nf3 d5 3. exd5 e4 4. Nd4 Qxd5 5. Nb3 Nf6 6. Nc3 Qe5 7. Be2 Bd6 8. d4 exd3 9. Qxd3 O-O 10. Be3 Bf5 11. Qd2 Nc6 12. O-O-O Rad8 13. Nd4 Nxd4 14. Qxd4 b6 15. Bf3 Qa5 16. Kb1 Be6 17. a3 h6 18. Bc1 Be7 19. Qe3 Bc5 20. Qe2 Rde8 21. Qb5 Bxf2 22. Qxa5 bxa5 23. Bf4 Bb6 24. Nb5 Re7 25. Nd4 Bg4 26. Nc6 Re6 27. Nd4 Ree8 28. Bxg4 Nxg4 29. Rhf1 Ne3 30. Nf3 Nxf1 31. Rxf1 Re4 32. Bg3 Rfe8 33. Ne1 Re2 34. Kc1 Be3+ 35. Kd1 Rd2+ 36. Kc1 Rf2+ 0-1


[Site "https://www.chess.com"]

[Event "Titled Tuesday Blitz March 21 Late 2023"]
[White "Todev, Simeon"]
[Black "Kobo, Ori"]
[WhiteFideId "2925133"]
[BlackFideId "2812320"]
[WhiteElo "1938"]
[BlackElo "2447"]
[Result "0-1"]
[Round "08"]
[TimeControl "180+2"]
[Date "2023.03.21"]
[WhiteClock "0:00:02"]
[BlackClock "0:00:05"]

1. e4 c5 2. Nf3 d6 3. c3 Nf6 4. Bd3 g6 5. Bc2 Bg7 6. O-O O-O 7. h3 Nc6 8. d4 cxd4 9. cxd4 e5 10. dxe5 dxe5 11. Nc3 Be6 12. Bg5 h6 13. Be3 Qa5 14. Qe2 Rfd8 15. Rfd1 Nh5 16. a3 Nd4 17. Bxd4 exd4 18. b4 Qb6 19. Na4 Qc7 20. Rac1 Qe7 21. Qd2 d3 22. Bxd3 Bb3 23. Qe3 Bxa4 24. Re1 Bc6 25. b5 Be8 26. Bc4 Rac8 27. e5 g5 28. e6 f5 29. Bd3 Rxc1 30. Rxc1 f4 31. Qe2 Nf6 32. Bb1 Bh5 33. Ba2 Kh8 34. Ne5 Bxe2 35. Ng6+ Kh7 36. Nxe7 Re8 37. Nf5 Kg6 38. Nd6 Re7 39. Bb1+ Kh5 40. Nf7 g4 41. Ne5 Rxe6 42. hxg4+ Nxg4 43. Nf7 Nf6 44. Rc5+ Kg4 45. Ne5+ Rxe5 46. Rxe5 f3 47. Bf5+ Kf4 48. Re7 Kxf5 49. Rxg7 Bxb5 50. Rxb7 Bc6 51. Rxa7 fxg2 52. Ra5+ Bd5 53. a4 h5 54. Rc5 h4 55. a5 Ke6 56. a6 h3 57. Kh2 Ng4+ 58. Kg3 g1=Q+ 59. Kh4 h2 0-1


[Site "https://www.chess.com"]

[Event "Titled Tuesday Blitz March 21 Late 2023"]
[White "Naroditsky, Daniel"]
[Black "Wagner, Dennis"]
[WhiteFideId "2026961"]
[BlackFideId "24650684"]
[WhiteElo "2633"]
[BlackElo "2470"]
[Result "1-0"]
[Round "08"]
[TimeControl "180+2"]
[Date "2023.03.21"]
[WhiteClock "0:01:49"]
[BlackClock "0:00:02"]

1. d4 Nf6 2. Nc3 d5 3. Bf4 c5 4. e4 Nxe4 5. Nxe4 dxe4 6. dxc5 Qa5+ 7. c3 Qxc5 8. Qa4+ Nc6 9. Qxe4 g6 10. Be3 Qa5 11. Nf3 Bg7 12. Bc4 O-O 13. O-O Qh5 14. h3 Bf5 15. Qf4 e5 16. Qh2 e4 17. Nd4 Be5 18. Bf4 Bxd4 19. cxd4 Nxd4 20. Be3 Rad8 21. Qe5 Be6 22. Qxh5 gxh5 23. Bxe6 fxe6 24. Rad1 e5 25. Kh2 Rf7 26. Rc1 Kg7 27. Rc5 Nc6 28. Rc4 Nd4 29. Rc5 Nc6 30. b4 Nxb4 31. Rxe5 Nd5 32. Bd4 Nf6 33. Rg5+ Kh6 34. Be3 Rd3 35. Bf4 Ng4+ 36. Rxg4+ Rxf4 37. Rxf4 1-0


[Site "https://www.chess.com"]

[Event "Titled Tuesday Blitz March 21 Late 2023"]
[White "Klekowski, Maciej"]
[Black "Paravyan, David"]
[WhiteFideId "1132717"]
[BlackFideId "4194985"]
[WhiteElo "2540"]
[BlackElo "2577"]
[Result "1/2-1/2"]
[Round "08"]
[TimeControl "180+2"]
[Date "2023.03.21"]
[WhiteClock "0:00:07"]
[BlackClock "0:00:53"]

1. c4 Nf6 2. Nc3 c5 3. g3 e6 4. Nf3 d5 5. cxd5 exd5 6. d4 Nc6 7. Bg2 cxd4 8. Nxd4 Bc5 9. Nb3 Bb6 10. O-O O-O 11. Nxd5 Be6 12. Nf4 Bc4 13. Qc2 Ba6 14. Bd2 Nd4 15. Nxd4 Bxd4 16. Bc3 Bxc3 17. Qxc3 Rc8 18. Qb3 Re8 19. Rfd1 Qb6 20. Qxb6 axb6 21. e3 Rc2 22. b4 g5 23. Nd5 Nxd5 24. Bxd5 Kg7 25. a4 Be2 26. Rdc1 Rec8 27. Rxc2 Rxc2 28. Bxb7 Rb2 29. b5 g4 30. Kg2 Bc4 31. Rd1 h5 32. Rd4 Be2 33. h3 Rb1 34. hxg4 hxg4 35. f4 Rb2 36. Kg1 f5 37. Rd7+ Kf6 38. Rd6+ Ke7 39. Rxb6 Ra2 40. e4 fxe4 41. Bxe4 Rxa4 42. Bd5 Kd7 43. f5 Rd4 44. Be6+ Ke7 45. Rb7+ Kf6 46. Kf2 Bf3 47. Rf7+ Ke5 48. Rd7 Rb4 49. Re7 Kf6 50. Rf7+ Ke5 51. Bd7 Rb2+ 52. Ke3 Rb3+ 53. Kd2 Bd5 54. Re7+ Kd6 55. Rh7 Rxg3 56. f6 Rf3 57. Bxg4 Rxf6 58. Be2 Kc5 59. Rc7+ Kb6 60. Rd7 Bb7 61. Re7 Rd6+ 62. Kc3 Bc8 63. Bc4 Bd7 64. Re5 Rd1 65. Rg5 Rd6 66. Kb4 Bc8 67. Rg8 Bb7 68. Rg7 Rh6 69. Re7 Rf6 70. Rd7 Rh6 71. Rf7 Rd6 72. Rf4 Bc8 73. Re4 Bd7 74. Re5 Rd1 75. Rg5 Rb1+ 76. Bb3 Be6 77. Rg3 Rb2 78. Re3 Bd5 79. Ka3 Rd2 80. Bxd5 Rxd5 81. Kb4 Rxb5+ 82. Kc4 Rc5+ 83. Kd4 Rc6 84. Ke4 Re6+ 85. Kf4 Rxe3 86. Kxe3 1/2-1/2


[Site "https://www.chess.com"]

[Event "Titled Tuesday Blitz March 21 Late 2023"]
[White "Korchmar, Vasiliy"]
[Black "Durarbayli, Vasif"]
[WhiteFideId "24131750"]
[BlackFideId "13402935"]
[WhiteElo "2370"]
[BlackElo "2543"]
[Result "1-0"]
[Round "08"]
[TimeControl "180+2"]
[Date "2023.03.21"]
[WhiteClock "0:00:32"]
[BlackClock "0:00:01"]

1. e4 e5 2. Nf3 Nc6 3. Bc4 Nf6 4. d3 h6 5. O-O d6 6. a4 g6 7. Nc3 Bg7 8. a5 O-O 9. a6 b6 10. h3 Rb8 11. Be3 Na5 12. Ba2 c5 13. Nd5 Bxa6 14. c3 Bb7 15. Nxf6+ Qxf6 16. Qd2 c4 17. Bxh6 Bxh6 18. Qxh6 cxd3 19. Rfd1 Qg7 20. Qh4 Ba6 21. b4 Nc4 22. Rxd3 Rbd8 23. Rd5 Nb2 24. b5 Bc8 25. Rd2 Na4 26. Bxf7+ Qxf7 27. Rxa4 Qc7 28. Rda2 Rf4 29. Qg5 1-0


[Site "https://www.chess.com"]

[Event "Titled Tuesday Blitz March 21 Late 2023"]
[White "Vetoshko, Volodymyr"]
[Black "Rasulov, Vugar"]
[WhiteFideId "14122480"]
[BlackFideId "13402390"]
[WhiteElo "2422"]
[BlackElo "2509"]
[Result "1/2-1/2"]
[Round "08"]
[TimeControl "180+2"]
[Date "2023.03.21"]
[WhiteClock "0:00:08"]
[BlackClock "0:00:07"]

1. e4 c5 2. Nf3 Nc6 3. d4 cxd4 4. Nxd4 Nf6 5. Nc3 e5 6. Ndb5 d6 7. Bg5 a6 8. Na3 b5 9. Nd5 Be7 10. Bxf6 Bxf6 11. c3 O-O 12. Nc2 Bg5 13. a4 bxa4 14. Rxa4 a5 15. Bc4 Kh8 16. Nce3 Rb8 17. b3 Ne7 18. Nxe7 Bxe7 19. Nd5 Bg5 20. O-O Bd7 21. Ra2 f5 22. exf5 Bxf5 23. Qe2 e4 24. Ne3 Bg6 25. Rd1 Qb6 26. Nd5 Qc5 27. b4 axb4 28. cxb4 Qc8 29. Ra7 Qf5 30. Qb2 Bf7 31. h3 Ra8 32. Ne7 Qf4 33. Rxa8 Rxa8 34. Bxf7 Bxe7 35. Bd5 Rf8 36. b5 e3 37. fxe3 Qxe3+ 38. Kh1 Bd8 39. Qd4 Qe2 40. Qd3 Qb2 41. Qd4 Qxb5 42. Bc4 Qb8 43. Qxd6 Bc7 44. Qe6 Bg3 45. Rf1 Rd8 46. Qf7 h6 47. Qf5 Qd6 48. Qf3 Be5 49. Be2 Bf6 50. Rd1 Qe7 51. Rxd8+ Qxd8 52. Bd3 Qa5 53. Qf5 Qe1+ 54. Qf1 Qe3 55. Qf5 Qc1+ 56. Qf1 Qc7 57. Qf5 Kg8 58. Qe6+ Kf8 59. Qe4 Qc1+ 60. Kh2 Qc7+ 61. Kh1 Qb6 62. Qe2 Qd4 63. Qf1 Qb2 64. Bc4 h5 65. Bd3 h4 66. Bc4 Qe5 67. Bd3 Qg3 68. Qe2 Qf4 69. Bc4 Qc1+ 70. Qf1 Qc3 71. Qe2 Qa1+ 72. Qf1 Qd4 73. Qe2 g5 74. Qf1 Kg7 75. Bd3 g4 76. hxg4 Qxg4 77. Qf5 Qd1+ 78. Qf1 Qd2 79. Qf5 Qc1+ 80. Qf1 Qc3 81. Qf5 Kf8 82. Qf3 Qe1+ 83. Qf1 Qe5 84. Qf3 h3 85. gxh3 Qe1+ 86. Qf1 Qe5 87. Qf3 Kg7 88. Kg2 Qb2+ 89. Qf2 Qb7+ 90. Qf3 Qb2+ 91. Qf2 Qc3 92. Qg3+ Kh6 93. Qf4+ Kg7 94. Qg3+ Kf8 95. Qf3 Ke7 96. Qe2+ Kd6 97. Qf3 Qd2+ 98. Be2 Be5 99. Qd3+ Qxd3 100. Bxd3 Bf6 101. Be2 Ke5 102. Bf3 Kf4 103. Bg4 Kg5 104. Bf3 Be5 105. h4+ Kxh4 1/2-1/2


[Site "https://www.chess.com"]

[Event "Titled Tuesday Blitz March 21 Late 2023"]
[White "Chigaev, Maksim"]
[Black "Do Valle Cardoso, Lucas"]
[WhiteFideId "4108116"]
[BlackFideId "2163144"]
[WhiteElo "2547"]
[BlackElo "2383"]
[Result "1-0"]
[Round "08"]
[TimeControl "180+2"]
[Date "2023.03.21"]
[WhiteClock "0:00:06"]
[BlackClock "0:00:03"]

1. Nf3 d5 2. c4 d4 3. b4 f6 4. e3 dxe3 5. fxe3 e5 6. a3 a5 7. b5 Bf5 8. Nc3 Nd7 9. d4 exd4 10. Nxd4 Nh6 11. Nxf5 Nxf5 12. Bd3 Nd6 13. O-O Ne5 14. c5 Ndf7 15. Be4 Bxc5 16. Bxb7 Rb8 17. Qxd8+ Rxd8 18. Nd5 O-O 19. Kh1 Nd6 20. Ba6 Bb6 21. Nxb6 cxb6 22. Bb2 Nec4 23. Bd4 Rfe8 24. a4 Kf7 25. Rac1 Re7 26. h3 Rde8 27. Rfd1 Re6 28. Bb7 Nxe3 29. Bxe3 Nxb7 30. Bg1 R8e7 31. Kh2 h5 32. Rc4 g6 33. Rdc1 Rd6 34. Rc6 Rxc6 35. Rxc6 Re4 36. Bxb6 1-0


[Site "https://www.chess.com"]

[Event "Titled Tuesday Blitz March 21 Late 2023"]
[White "Domingo Nunez, Alejandro"]
[Black "Yeletsky, Ivan"]
[WhiteFideId "22245561"]
[BlackFideId "24180327"]
[WhiteElo "2230"]
[BlackElo "2414"]
[Result "0-1"]
[Round "08"]
[TimeControl "180+2"]
[Date "2023.03.21"]
[WhiteClock "0:00:48"]
[BlackClock "0:01:30"]

1. Nf3 b6 2. g3 Bb7 3. Bg2 c5 4. O-O g6 5. c4 Bg7 6. Nc3 Nf6 7. Re1 d5 8. Ne5 Nbd7 9. d4 cxd4 10. Nxd7 Qxd7 11. Qxd4 O-O 12. Rd1 Rfd8 13. Qh4 d4 14. Nb5 Bxg2 15. Rxd4 Qb7 16. f3 Bxf3 17. exf3 Qxf3 18. Bf4 a6 19. Rf1 Qc6 20. Rfd1 Rxd4 21. Nxd4 Qxc4 22. b3 Qd5 23. Rd2 Ne4 0-1


[Site "https://www.chess.com"]

[Event "Titled Tuesday Blitz March 21 Late 2023"]
[White "Urazayev, Arystanbek"]
[Black "Melikyan, Gnel"]
[WhiteFideId "13709810"]
[BlackFideId "54109990"]
[WhiteElo "2479"]
[BlackElo "2138"]
[Result "1-0"]
[Round "08"]
[TimeControl "180+2"]
[Date "2023.03.21"]
[WhiteClock "0:00:07"]
[BlackClock "0:00:04"]

1. e4 e5 2. Nf3 Nf6 3. Nxe5 d6 4. Nf3 Nxe4 5. d4 d5 6. Bd3 Bd6 7. O-O O-O 8. c4 c6 9. cxd5 cxd5 10. Nc3 Nxc3 11. bxc3 Nc6 12. Rb1 h6 13. Bc2 Ne7 14. Re1 b6 15. h3 Bf5 16. Bxf5 Nxf5 17. Qd3 Qd7 18. Ne5 Bxe5 19. Rxe5 Ne7 20. Ba3 Rfe8 21. Qb5 Qxb5 22. Rxb5 Nc6 23. Rexd5 Re1+ 24. Kh2 Rc8 25. c4 Rd1 26. Bb2 Rb1 27. c5 Na5 28. cxb6 axb6 29. Ba3 Rxb5 30. Rxb5 Nc4 31. Bc1 Ra8 32. Rb4 b5 33. Rxb5 Rxa2 34. Rb8+ Kh7 35. Rc8 Nd6 36. Rd8 Ne4 37. f3 Nf2 38. Be3 Nd3 39. d5 Ne1 40. d6 Rxg2+ 41. Kh1 Rg6 42. Bc5 Nxf3 43. d7 Ne5 44. Rh8+ Kxh8 45. d8=Q+ Kh7 46. Qd5 f6 47. Bd4 Rg5 48. Qe4+ Kh8 49. h4 Rg4 50. Qa8+ Kh7 51. Bxe5 fxe5 52. Qd8 Kg6 53. Kh2 Rf4 54. Kg3 Rf5 55. Qe8+ Kh7 56. h5 Rg5+ 57. Kf3 Rf5+ 58. Ke4 Rg5 59. Kd5 Rg4 60. Qf7 Rg5 61. Ke4 Rg4+ 62. Kxe5 Rg5+ 63. Ke6 Kh8 64. Ke7 Kh7 65. Kf8 Rxh5 66. Qxh5 1-0


[Site "https://www.chess.com"]

[Event "Titled Tuesday Blitz March 21 Late 2023"]
[White "Roberson, Peter T"]
[Black "Timmermans, Mark"]
[WhiteFideId "412384"]
[BlackFideId "1026399"]
[WhiteElo "2346"]
[BlackElo "2460"]
[Result "0-1"]
[Round "08"]
[TimeControl "180+2"]
[Date "2023.03.21"]
[WhiteClock "0:00:12"]
[BlackClock "0:00:58"]

1. Nf3 Nf6 2. g3 e6 3. Bg2 d5 4. O-O Be7 5. d3 O-O 6. Nbd2 b5 7. e4 Bb7 8. e5 Nfd7 9. Re1 c5 10. h4 Nc6 11. Nf1 a5 12. h5 h6 13. Bf4 a4 14. N1h2 Re8 15. Ng4 Bf8 16. Qd2 Kh7 17. Nfh2 Qa5 18. Qc1 a3 19. b3 Qc3 20. Rb1 Nb4 21. Bd2 Qxc2 22. Bxb4 Qxc1 23. Rbxc1 cxb4 24. Rc7 Bc8 25. Rec1 Kg8 26. d4 Nb6 27. Bf1 Ba6 28. Nf3 Rec8 29. Ne1 Nc4 30. Rxc8 Rxc8 31. Nd3 Nd2 32. Rxc8 Bxc8 33. Nc1 Nf3+ 34. Kg2 Nxd4 35. Ne3 Bd7 36. f4 Bc5 37. Bd3 Nxb3 38. Nxb3 Bxe3 39. Kf3 Bb6 40. g4 f6 41. f5 fxe5 42. fxe6 e4+ 43. Bxe4 dxe4+ 44. Kxe4 Bxe6 45. Ke5 Bxb3 46. g5 Bxa2 47. gxh6 gxh6 48. Kf6 Bb1 49. Ke6 Be4 50. Kd6 Bd4 51. Kd7 Be5 52. Ke6 Bf4 53. Kf6 b3 54. Ke6 b2 55. Kd7 a2 56. Kc8 b4 57. Kd7 b3 58. Kc8 a1=Q 59. Kd7 Qa6 60. Ke7 Qd6+ 61. Ke8 Bc6# 0-1


[Site "https://www.chess.com"]

[Event "Titled Tuesday Blitz March 21 Late 2023"]
[White "Tanenbaum, Zachary"]
[Black "Shohat, Yotam"]
[WhiteFideId "2060850"]
[BlackFideId "2813955"]
[WhiteElo "2175"]
[BlackElo "2226"]
[Result "1-0"]
[Round "08"]
[TimeControl "180+2"]
[Date "2023.03.21"]
[WhiteClock "0:01:12"]
[BlackClock "0:00:02"]

1. e4 c5 2. Nf3 d6 3. d4 cxd4 4. Nxd4 Nf6 5. Nc3 a6 6. Be3 e6 7. f3 b5 8. Qd2 Nbd7 9. g4 b4 10. Nce2 h6 11. O-O-O Qc7 12. h4 d5 13. Bh3 Nb6 14. b3 e5 15. Nf5 Bxf5 16. gxf5 Bc5 17. Rhg1 Bxe3 18. Qxe3 Rc8 19. Rd2 d4 20. Qd3 O-O 21. Kb1 Kh7 22. Nc1 Nh5 23. Ne2 Qe7 24. f4 Nxf4 25. Nxf4 exf4 26. Rdg2 Qxh4 27. Rxg7+ Kh8 28. Qxd4 f6 29. Qxb6 Qxh3 30. Rh7+ 1-0


[Site "https://www.chess.com"]

[Event "Titled Tuesday Blitz March 21 Late 2023"]
[White "Torres Dominguez, David"]
[Black "Kuznetsov, Felix"]
[WhiteFideId "2220857"]
[BlackFideId "34147990"]
[WhiteElo "1999"]
[BlackElo "2235"]
[Result "0-1"]
[Round "08"]
[TimeControl "180+2"]
[Date "2023.03.21"]
[WhiteClock "0:00:04"]
[BlackClock "0:00:11"]

1. e4 c5 2. Nc3 Nc6 3. Bb5 Nd4 4. Bc4 e6 5. Nge2 Ne7 6. O-O Nec6 7. a4 Be7 8. d3 O-O 9. f4 Nxe2+ 10. Qxe2 b6 11. f5 Nd4 12. Qf2 d5 13. exd5 exf5 14. Be3 Bf6 15. Rae1 Bd7 16. Kh1 Qc7 17. d6 Qxd6 18. Bf4 Qc6 19. Bd5 Qc8 20. Bxa8 Qxa8 21. Be5 Bxe5 22. Rxe5 Bc6 23. Kg1 Qd8 24. Rfe1 Qg5 25. Kh1 h5 26. Nd1 Qc1 27. Ne3 Qxb2 28. Nxf5 Nxf5 29. Rxf5 g6 30. Rf6 Bxa4 31. Rf1 Qxc2 32. Rxf7 Qxf2 33. R7xf2 Rxf2 34. Rxf2 Bb5 35. Ra2 Bxd3 36. Rxa7 b5 37. Rb7 b4 38. Kg1 Bc2 39. Kf2 b3 40. Ke3 c4 41. Kd2 Bd3 42. Kc3 Bf1 43. g3 Bd3 44. h4 Kf8 45. Ra7 Ke8 46. Rb7 Kd8 47. Rg7 Kc8 48. Rf7 Bf5 49. Rg7 Kd8 50. Rb7 Kc8 51. Rb4 Bd3 52. Rb6 Kc7 53. Rf6 Kd7 54. Rb6 Ke7 55. Ra6 Kf7 56. Rb6 Kg7 57. Rc6 Kh6 58. Rb6 Kg7 59. Rd6 Kf7 60. Rb6 Ke7 61. Rc6 Kd7 62. Rf6 Kc7 63. Re6 Bf5 64. Rf6 Kb7 65. Rd6 Kc7 66. Rf6 Be4 67. Re6 Bd3 68. Rf6 Bc2 69. Re6 Kb7 70. Rf6 Kc8 71. Rd6 Kc7 72. Rf6 Bd3 73. Re6 Kd7 74. Rf6 Ke7 75. Rb6 Kf7 76. Kb2 g5 77. Kc3 gxh4 78. gxh4 Kg7 79. Kb2 Bf1 80. Kc3 Bd3 81. Kb2 Bg6 82. Kc3 Bf7 83. Rc6 Bg8 84. Rb6 Kf8 85. Rd6 Ke7 86. Rb6 Be6 87. Kb2 Kf6 88. Kc3 Kf5 89. Rb5+ Kg4 90. Re5 Bg8 91. Re4+ Kg3 92. Rd4 Be6 93. Re4 Bg4 94. Rxc4 Kxh4 95. Rb4 Kg3 96. Rxb3 h4 97. Rb2 h3 0-1


[Site "https://www.chess.com"]

[Event "Titled Tuesday Blitz March 21 Late 2023"]
[White "cryptoguru02"]
[Black "Makhnev, Denis"]
[BlackFideId "13707647"]
[WhiteElo "2517"]
[BlackElo "2525"]
[Result "1/2-1/2"]
[Round "08"]
[TimeControl "180+2"]
[Date "2023.03.21"]
[WhiteClock "0:00:15"]
[BlackClock "0:00:26"]

1. d4 d5 2. c4 Nc6 3. cxd5 Qxd5 4. e3 e5 5. Nc3 Bb4 6. Bd2 Bxc3 7. bxc3 Qd6 8. Bb5 Ne7 9. Nf3 a6 10. dxe5 Qg6 11. Ba4 O-O 12. O-O Bg4 13. Qc2 Bxf3 14. Qxg6 fxg6 15. gxf3 Nxe5 16. Bb3+ Kh8 17. Rad1 Nxf3+ 18. Kh1 Rad8 19. Bc1 h6 20. Ba3 Rxd1 21. Rxd1 Re8 22. Bxe7 Rxe7 23. Rd8+ Kh7 24. Bg8+ Kh8 25. Bd5+ Kh7 26. Bxf3 c6 27. Kg2 h5 28. h4 Re5 29. Rd7 Rb5 30. a4 Rb3 31. a5 Rxc3 32. Rxb7 Rc5 33. Rb6 Rxa5 34. Rxc6 g5 35. Be2 gxh4 36. Bd3+ Kg8 37. Bxa6 g5 38. Be2 g4 39. Rc4 Rg5 40. f4 Ra5 41. Rc2 Ra1 42. e4 h3+ 43. Kh2 Kg7 44. e5 Ra4 45. f5 Re4 46. e6 Kf6 47. Bd3 Re3 48. Re2 Rxe2+ 49. Bxe2 Ke7 50. Ba6 Kf6 51. Bb7 Ke7 52. Bc6 Kf6 53. Be8 Kxf5 54. Bxh5 Kxe6 55. Bxg4+ Kf6 56. Bxh3 1/2-1/2


[Site "https://www.chess.com"]

[Event "Titled Tuesday Blitz March 21 Late 2023"]
[White "Terry, Renato"]
[Black "Seemann, Jakub"]
[WhiteFideId "3803457"]
[BlackFideId "21874697"]
[WhiteElo "2579"]
[BlackElo "2364"]
[Result "1-0"]
[Round "08"]
[TimeControl "180+2"]
[Date "2023.03.21"]
[WhiteClock "0:02:16"]
[BlackClock "0:01:06"]

1. e4 c6 2. Nf3 d5 3. exd5 cxd5 4. Ne5 a6 5. d4 e6 6. c3 Nf6 7. Bd3 Bd6 8. Qe2 Nbd7 9. f4 Qc7 10. O-O b5 11. Nd2 Bb7 12. Rf3 Nb6 13. Rh3 Nc4 14. g4 Nxd2 15. Bxd2 Ne4 16. g5 Nxd2 17. Qxd2 f6 18. Ng6 O-O-O 19. Nxh8 Bxf4 20. Qe2 Rxh8 21. gxf6 Kb8 22. fxg7 Qxg7+ 23. Kh1 e5 24. Rg1 Qf6 25. Qf2 h5 26. Rf1 h4 27. Rf3 Rf8 28. dxe5 Qxe5 29. Qd4 1-0


[Site "https://www.chess.com"]

[Event "Titled Tuesday Blitz March 21 Late 2023"]
[White "Narayanan.S.L"]
[Black "Ambartsumova, Karina"]
[WhiteFideId "5058422"]
[BlackFideId "4166299"]
[WhiteElo "2547"]
[BlackElo "2300"]
[Result "1/2-1/2"]
[Round "08"]
[TimeControl "180+2"]
[Date "2023.03.21"]
[WhiteClock "0:00:36"]
[BlackClock "0:00:13"]

1. e4 e5 2. Nf3 Nc6 3. d4 exd4 4. Nxd4 Bc5 5. Nb3 Bb6 6. Nc3 Nf6 7. Qe2 O-O 8. Bg5 h6 9. h4 Nd4 10. Qd3 Nxb3 11. axb3 Re8 12. O-O-O hxg5 13. hxg5 Ng4 14. f4 Nf2 15. Qg3 Nxh1 16. Qh4 Nf2 17. Re1 d5 18. Bb5 c6 19. Bd3 dxe4 20. Nxe4 Bf5 21. Rh1 Nxh1 22. Nf6+ gxf6 23. Bxf5 fxg5 24. Qh7+ Kf8 25. Qh8+ Ke7 26. Qe5+ Kf8 27. Qh8+ Ke7 28. Qe5+ Kf8 29. Qh8+ 1/2-1/2


[Site "https://www.chess.com"]

[Event "Titled Tuesday Blitz March 21 Late 2023"]
[White "benny_aizenberg"]
[Black "Costachi, Mihnea"]
[BlackFideId "1217518"]
[WhiteElo "2622"]
[BlackElo "2456"]
[Result "0-1"]
[Round "08"]
[TimeControl "180+2"]
[Date "2023.03.21"]
[WhiteClock "0:00:03"]
[BlackClock "0:00:11"]

1. e4 e5 2. Nf3 Nc6 3. Bc4 Bc5 4. b4 Bxb4 5. c3 Ba5 6. d4 exd4 7. O-O Nge7 8. Qb3 O-O 9. cxd4 Bb6 10. Bb2 Na5 11. Qc3 Nxc4 12. Qxc4 d5 13. Qd3 dxe4 14. Qxe4 Bf5 15. Qf4 Qd6 16. Qg5 Rfe8 17. Nbd2 Qg6 18. Qh4 Nd5 19. Ne5 Qf6 20. Qg3 c6 21. Rfe1 Bc7 22. Ne4 Bxe4 23. Rxe4 Qf5 24. Rae1 f6 25. Qf3 Qxf3 26. Nxf3 Rxe4 27. Rxe4 Kf7 28. Kf1 Rd8 29. g3 Bb6 30. Nd2 Nc7 31. Nc4 Nb5 32. Nxb6 axb6 33. a4 Nd6 34. Re1 Nc4 35. Bc3 Ra8 36. Ra1 Ke6 37. Ke2 Kd5 38. Kd3 b5 39. a5 Ra6 40. g4 c5 41. dxc5 Kxc5 42. Bd4+ Kd5 43. Bc3 Re6 44. Rb1 Kc5 45. Bd4+ Kc6 46. Ra1 Kd7 47. Rb1 Ne5+ 48. Bxe5 Rxe5 49. Kd4 Kd6 50. f4 Rd5+ 51. Ke4 Rc5 52. h4 Rc4+ 53. Kf5 Rc5+ 54. Ke4 Kc6 55. h5 g6 56. hxg6 hxg6 57. f5 Rc4+ 58. Kf3 gxf5 59. gxf5 b4 60. Re1 b3 61. Re6+ Kc5 62. Re7 b2 63. Rc7+ Kd4 64. Rxb7 Kc3 65. a6 Ra4 66. a7 Rxa7 67. Rxa7 b1=Q 68. Ra5 Qf1+ 69. Ke4 Qe2+ 70. Kf4 Qf2+ 71. Ke4 Qd4+ 72. Kf3 Qd3+ 73. Kf4 Qd2+ 74. Kf3 Kd4 75. Ra4+ Kd5 76. Ra3 Qd1+ 77. Kg3 Qe1+ 78. Kg4 Ke5 79. Rf3 Qg1+ 80. Kh3 Ke4 81. Rg3 Qh1+ 82. Kg4 Qd1+ 83. Kh3 Kf4 84. Kh2 Qe2+ 85. Rg2 Qh5+ 86. Kg1 Kxf5 87. Rf2+ Ke5 88. Kf1 Qd1+ 89. Kg2 Qg4+ 90. Kf1 f5 91. Re2+ Kf6 92. Rg2 Qf3+ 93. Rf2 Qd3+ 94. Kg2 Kg5 95. Rf3 Qe2+ 96. Rf2 Qe4+ 97. Kf1 f4 98. Rg2+ Kf5 99. Rf2 f3 100. Kg1 Qe1+ 101. Rf1 Qg3+ 102. Kh1 Qg2# 0-1


[Site "https://www.chess.com"]